AoeStats
← oveja83

Yucatan

510422669Analyzed
3v3 RM · 16h ago on Sep 30, 2026· 54m 49s· 6 players
Game mode
Random Map
Map size
Normal (6 player)
Population
200
Speed
Normal
Resources
Standard
Victory
Conquest
Starting age
Dark Age
Ending age
Imperial Age
RankedLock teamsTeams togetherTeam positionsShared explorationLock speedFull tech treeHidden civsTurbo modeCheats
Victory
Defeat
🇨🇦 Hindustanis · Canada
992
+17
🇨🇦 Tatars · Canada
981
+17
🇨🇦 Spanish · Canada
939
+20
🇨🇳 Mongols · China
1031
-19
🇨🇱 Vietnamese · Chile
1007
-18
🇨🇱 Celts · Chile
1000
-17
L A C A J A
2:13 Loom
10:56 Feudal Age
11:45 Double-Bit Axe
17:41 Castle Age
19:07 Pikeman
25:06 Wheelbarrow
24:46 Bow Saw
25:30 Forging
28:21 Hand Cart
28:27 Fletching
29:43 Stone Mining
33:08 Horse Collar
33:39 Town Watch
35:03 Scale Mail Armor
37:10 Iron Casting
37:56 Chain Mail Armor
41:28 Imperial Age
42:08 Heavy Plow
42:06 Gold Mining
43:17 Conscription
46:12 Ballistics
49:37 Blast Furnace
48:47 Stronghold
oveja83
7:27 Loom
10:44 Feudal Age
13:57 Forging
14:13 Scale Barding Armor
16:53 Double-Bit Axe
17:39 Bloodlines
17:49 Horse Collar
23:41 Castle Age
22:15 Gold Mining
24:46 Bow Saw
26:12 Crossbowman
26:44 Fletching
27:06 Town Watch
29:41 Ballistics
32:16 Bodkin Arrow
34:17 Padded Archer Armor
35:20 Leather Archer Armor
36:50 Thumb Ring
39:02 Scale Mail Armor
40:57 Chain Mail Armor
41:01 Husbandry
45:44 Wheelbarrow
47:23 Iron Casting
47:25 Chain Barding Armor
47:22 Chatras
51:55 Imperial Age
50:25 Hand Cart
50:16 Heavy Plow
bro
8:23 Loom
11:16 Feudal Age
15:59 Castle Age
15:21 Double-Bit Axe
30:30 Imperial Age
28:00 Horse Collar
28:32 Bow Saw
28:34 Fletching
28:45 Padded Archer Armor
28:46 Gold Mining
28:47 Stone Mining
30:42 Ballistics
30:32 Thumb Ring
30:30 Bodkin Arrow
30:52 Leather Archer Armor
31:44 Conscription
33:09 Bloodlines
33:08 Husbandry
34:56 Parthian Tactics
35:12 Bracer
36:06 Wheelbarrow
35:16 Town Watch
37:03 Gold Shaft Mining
36:18 Stone Mining
36:24 Stone Mining
43:23 Murder Holes
Hayah
5:17 Loom
11:41 Feudal Age
14:04 Double-Bit Axe
14:10 Gold Mining
14:02 Horse Collar
17:49 Wheelbarrow
18:03 Scale Mail Armor
18:15 Forging
18:11 Scale Barding Armor
20:32 Castle Age
19:13 Bloodlines
20:40 Stone Mining
21:26 Bow Saw
21:27 Heavy Plow
24:45 Husbandry
26:10 Gold Shaft Mining
26:58 Iron Casting
28:20 Chain Barding Armor
30:38 Stone Shaft Mining
31:28 Grand Trunk Road
34:02 Imperial Age
32:51 Town Watch
33:23 Hand Cart
33:11 Grand Trunk Road
34:24 Chain Mail Armor
34:14 Squires
34:00 Arson
35:25 Ballistics
36:06 Chemistry
34:59 Fletching
36:10 Blast Furnace
34:41 Elite Ghulam
35:42 Conscription
37:02 Ballistics
37:42 Plate Barding Armor
36:38 Heavy Camel Rider
37:54 Bodkin Arrow
40:35 Caravan
46:06 Two-Man Saw
49:08 Bracer
49:29 Light Cavalry
53:37 Hoardings
53:04 Shatagni
55:51 Chemistry
54:46 Murder Holes
54:57 Siege Engineers
55:03 Masonry
55:03 Fortified Wall
banana
10:18 Feudal Age
9:17 Loom
13:55 Bloodlines
14:15 Double-Bit Axe
18:32 Forging
18:12 Fletching
18:28 Scale Barding Armor
24:35 Castle Age
22:38 Horse Collar
26:54 Husbandry
27:52 Iron Casting
31:21 Chain Barding Armor
36:52 Heavy Plow
36:44 Gold Mining
36:45 Stone Mining
37:40 Silk Armor
44:47 Imperial Age
44:49 Gold Shaft Mining
44:15 Bodkin Arrow
44:21 Padded Archer Armor
45:25 Caravan
46:34 Conscription
49:35 Timurid Siegecraft
49:13 Heavy Cavalry Archer
50:15 Ballistics
51:37 Chemistry
50:44 Siege Engineers
Chemo-Sabi
8:07 Loom
8:13 Loom
11:26 Feudal Age
12:02 Double-Bit Axe
12:20 Town Watch
13:22 Fletching
17:45 Wheelbarrow
18:27 Horse Collar
20:16 Forging
21:17 Gold Mining
21:17 Stone Mining
24:21 Castle Age
25:29 Squires
25:43 Bow Saw
25:35 Heavy Plow
26:17 Stone Shaft Mining
25:50 Pikeman
26:16 Gambesons
25:53 Man-at-Arms
27:03 Man-at-Arms
36:18 Ballistics
36:11 Long Swordsman
38:23 Hand Cart
39:38 Guard Tower
41:23 Town Patrol
44:08 Imperial Age
41:57 Inquisition
42:35 Masonry
42:21 Murder Holes
42:37 Fortified Wall
42:13 Elite Skirmisher
43:24 Thumb Ring
45:48 Two-Man Saw
45:16 Conscription
46:52 Hoardings
46:34 Scale Barding Armor
46:24 Bodkin Arrow
47:31 Caravan
47:42 Guilds
48:02 Coinage
47:33 Two-Handed Swordsman
47:58 Arson
50:40 Chemistry
49:26 Arrowslits
50:11 Architecture
50:19 Keep
49:29 Onager
50:36 Elite Conquistador
53:47 Halberdier
53:48 Champion
54:29 Bracer
55:05 Iron Casting
54:30 Scale Mail Armor
54:31 Padded Archer Armor
54:51 Chain Barding Armor
Connection lost

Rejoining the realm…

Still unreachable

The connection could not be restored.

Session expired

The server has moved on; the page needs a fresh start.